 Dungeon Crawl Stone Soup version 0.27.1-34-g3ba077fa99 (webtiles) character file.

Game seed: 12690162751526391238

1022 ticklebelly the Chopper (level 8, -4/109 HPs)
             Began as a Minotaur Berserker on Jan 7, 2022.
             Was a Priest of Trog.
             Slain by a yak (10 damage)
             ... on level 5 of the Dungeon.
             The game lasted 00:06:02 (3568 turns).

ticklebelly the Chopper (Minotaur Berserker)        Turns: 3568, Time: 00:06:03

Health: -4/109     AC: 13    Str: 24    XL:     8   Next: 2%
Magic:  7/7        EV: 11    Int:  4    God:    Trog [***...]
Gold:   100        SH:  0    Dex: 10    Spells: 7/7 levels left

rFire    . . .     SeeInvis .   a - +0 hand axe
rCold    . . .     Faith    .   (no shield)
rNeg     . . .     Spirit   .   l - +3 ring mail
rPois    .         Reflect  .   (helmet restricted)
rElec    .         Harm     .   (no cloak)
rCorr    .         Rampage  .   k - +2 pair of gloves
Will     .....                  o - +0 pair of boots
Stlth    ..........             (no amulet)
HPRegen  0.28/turn              (no ring)
MPRegen  0.10/turn              (no ring)

@: berserking, very quick
A: horns 2, retaliatory headbutt
a: Renounce Religion, Berserk, Trog's Hand


You were on level 5 of the Dungeon.
You worshipped Trog.
Trog was most pleased with you.
You visited 1 branch of the dungeon, and saw 7 of its levels.

You collected 100 gold pieces.

Inventory:

Hand Weapons
 a - a +0 hand axe (weapon)
 n - a +3 flail
Armour
 k - a +2 pair of gloves (worn)
 l - a +3 ring mail (worn)
 o - a +0 pair of boots (worn)
Scrolls
 b - a scroll of acquirement {unknown}
 e - a scroll of teleportation {unknown}
 f - 2 scrolls of brand weapon {unknown}
 g - 3 scrolls of identify {unknown}
 h - a scroll of fog {unknown}
 j - 2 scrolls of amnesia {unknown}
Potions
 c - 2 potions of mutation {unknown}
 d - a potion of resistance {unknown}
 i - 2 potions of curing {unknown}
 m - a potion of magic {unknown}
 p - a potion of flight {unknown}


   Skills:
 + Level 7.6 Fighting
 + Level 7.7 Axes
 + Level 6.2 Armour
 - Level 2.1 Dodging


You had 7 spell levels left.
You didn't know any spells.
Your spell library was empty.

Dungeon Overview and Level Annotations

Branches:
Dungeon (7/15)
 Temple: D:4-7

Altars:
Elyvilon

Shops:
D:3 :   D:5 [

Annotations:
D:5 Eustachio


Innate Abilities, Weirdness & Mutations

You have a pair of horns on your head.
You reflexively headbutt those who attack you in melee.


Message History

You slash the yak! Your headbutt misses the yak.
The yak is heavily wounded.
You slash the yak! The yak gores you. x2
You slash the yak! You headbutt the yak.
The yak is almost dead.
You hit the yak. The yak barely misses you. The yak gores you!
You barely miss the yak.
The yak is almost dead.
You hit the yak. The yak misses you. You furiously retaliate!
You headbutt the yak. You hit the yak.
You kill the yak!
Trog accepts your kill.
You hit the yak but do no damage.
Your Armour skill increases to level 6!
You have reached level 8!
You feel agile.
You slash the yak!
The yak is severely wounded.
You closely miss the yak. The yak barely misses you. You furiously retaliate!
You headbutt the yak. The yak gores you.
You hit the yak.
The yak is almost dead.
You hit the yak. The yak gores you but does no damage. The yak gores you!
You hit the yak but do no damage. Your headbutt misses the yak.
The yak is almost dead.
You hit the yak. The yak gores you!
* * * LOW HITPOINT WARNING * * *
The yak barely misses you.
You hit the yak but do no damage. Your headbutt misses the yak.
The yak is almost dead.
You hit the yak but do no damage. The yak gores you but does no damage.
The yak gores you!
* * * LOW HITPOINT WARNING * * *
The river rat twitches its whiskers.
A red film seems to cover your vision as you go berserk!
You feel yourself moving faster!
You feel mighty! The yak gores you!
* * * LOW HITPOINT WARNING * * *
The yak gores you!
You die...

#######'###
##....### #.##
###(..###
#..###...'######
##.#...........#
#.............#
##....5rYY....#
#...§Z5Yr....#
##..###Y#♣####
#..# #@Y.#
#..###+♣∩♣##
##.##......#
#..#...♣..#
#..#......#
#..#......#
#.........#
#.#.......#
#.#.......#


You could see 5 yaks, an iron imp (summoned), a quasit (summoned), a river rat
(summoned) and a quokka (summoned).

Vanquished Creatures
  Sigmund (D:5)
  A yak (D:5)
  Menkaure (D:5)
  A phantom (D:5)
  A gnoll sergeant (D:5)
  2 scorpions (D:5)
  A howler monkey (D:5)
  A hound (D:5)
  An iguana (D:4)
  3 orc wizards (D:5)
  A hound skeleton (D:5)
  7 gnolls
  4 adders
  A howler monkey skeleton (D:7)
  A dart slug (D:1)
  9 orcs
  5 bats
  8 endoplasms
  A giant cockroach (D:2)
  9 goblins
  4 hobgoblins
  3 jackals (D:4)
  7 kobolds
  4 quokkas
  5 ball pythons
  4 frilled lizards
  11 rats
97 creatures vanquished.

Vanquished Creatures (others)
  A withered plant (D:2)
1 creature vanquished.

Grand Total: 98 creatures vanquished

Notes
Turn   | Place    | Note
-------+----------+-------------------------------------------
     0 | D:1      | ticklebelly the Minotaur Berserker began the quest for the
                  | Orb.
     0 | D:1      | Reached XP level 1. HP: 19/19 MP: 0/0
   139 | D:1      | Reached XP level 2. HP: 23/27 MP: 1/1
   541 | D:1      | You fall into a shaft and drop 1 floor!
   873 | D:1      | Reached XP level 3. HP: 34/34 MP: 2/2
  1203 | D:2      | Reached ** piety under Trog
  1339 | D:2      | Found a faded altar of an unknown god.
  1740 | D:3      | Found Vuitun's Book Emporium.
  1760 | D:3      | Found a white marble altar of Elyvilon.
  1781 | D:3      | Reached skill level 5 in Fighting
  1781 | D:3      | Reached skill level 5 in Axes
  1781 | D:3      | Reached XP level 4. HP: 40/42 MP: 3/3
  2664 | D:4      | You fall into a shaft and drop 3 floors!
  2681 | D:7      | Reached XP level 5. HP: 37/48 MP: 4/4
  2691 | D:7      | Reached *** piety under Trog
  2863 | D:5      | Entered Level 5 of the Dungeon
  2863 | D:5      | Noticed Menkaure
  2878 | D:5      | Killed Menkaure
  2879 | D:5      | Reached XP level 6. HP: 24/57 MP: 5/5
  3085 | D:5      | Found Azaotoul's Antique Armour Shoppe.
  3159 | D:5      | Noticed Sigmund
  3213 | D:5      | Killed Sigmund
  3214 | D:5      | Reached skill level 5 in Armour
  3214 | D:5      | Reached XP level 7. HP: 17/64 MP: 6/6
  3527 | D:5      | Noticed Eustachio
  3530 | D:5      | Noticed a yak
  3531 | D:5      | Noticed a yak
  3531 | D:5      | Noticed a yak
  3531 | D:5      | Noticed a yak
  3531 | D:5      | Noticed a yak
  3531 | D:5      | Noticed a yak
  3563 | D:5      | Killed a yak
  3564 | D:5      | Reached XP level 8. HP: 36/73 MP: 7/7
  3568 | D:5      | Slain by a yak

Illustrated notes

Levels and vault maps discovered:
D:1:      elethiomel_arrival_diamonds, layout_basic
D:2:      layout_basic, ebering_ecumenical_altar_petrified
D:3:      layout_basic, mainiacjoe_overflow_boulevard, serial_shops,
          nicolae_shop_waterfront
D:4:      minmay_diamond_boxcup, layout_rooms, xom_butterflies,
          portal_sewer_entry_e
D:5:      layout_basic, minmay_temple_entry_slanted, serial_shops,
          nicolae_shop_trees, uniq_eustachio, uniq_menkaure, uniq_sigmund
D:6:      layout_loops_ring
D:7:      layout_loops_ring

Skill      XL: |  1  2  3  4  5  6  7 |
---------------+----------------------+-----
Fighting       | 4 5 6 7 |  7.6
Axes           | 4 5 6 7 |  7.7
Armour         | 3 4 5 6 |  6.2
Dodging        | |  2.1

Action                   |  1- 3 |  4- 6 |  7- 9 || total
-------------------------+-------+-------+-------++-------
Melee: Hand axe          |    94 |   125 |    36 ||   255
       Headbutt          |     8 |    27 |    11 ||    46
Invok: Berserk           |       |     2 |     1 ||     3
       Trog's Hand       |       |       |     1 ||     1
Armor: Animal skin       |     9 |       |       ||     9
       Ring mail         |    14 |    59 |    17 ||    90
       Leather armour    |     7 |       |       ||     7
Dodge: Dodged            |    58 |    46 |    12 ||   116
